Unix NetHack Version 3.7.0-73 Work-in-progress - last build Feb 17 2023 02:16:44 (48fe2e8c4a70f1d2d5b622443eb9b5bc1b8d05f7,branch:master). Game began 2023-02-21 03:14:58, ended 2023-02-21 03:28:03. Gandelf, neutral male human Monk --------------------------------- |........@......................| |.{.....---------|-----....----.| |.......| G |..|)[.|....| |.| |...%...+ G : |..|%?.-.---| |.| |.-----.---- @---|)(.|.|..| |.| |.|!!@|....--- - |----.|.. -.| ..|%%.-@@@.....| |..-..-|-- ..| |.-----.@----- - |. |..........| |...@....| -- --.-|-- {.+ |..---+-.| |.|.. .| |..| @|.- |.|..| -.| ----.------ |..| |.. |.|..| |.| |.........| |..| |.. |.---| |.| ..........| |..-----..--+---- -----....----.|# |.........| |................................##### |.........| ---------------------------------# ###..<.......| ----------- Gandelf the Initiate St:18/01 Dx:15 Co:11 In:8 Wi:15 Ch:8 Neutral S:2328 Dlvl:7 $:674 HP:0(55) Pw:23(22) AC:4 Xp:6/336 T:1937 Burdened Latest messages: You hear crashing rock. You hear crashing rock. The dungeon acoustics noticeably change. This door is locked. Unlock it with your credit card? [ynq] (q) y A watchman yells: "Hey, stop picking that lock!" You stop picking the lock. This door is locked. Unlock it with your credit card? [ynq] (q) y You hear someone muttering an incantation. A watchman yells: "Halt, thief! You're under arrest!" Angry guards are approaching! You stop picking the lock. You kill the dwarf! You kill the gnomish wizard! Welcome to experience level 6. There are several objects here. You have a little trouble lifting a pick-axe. Continue? [ynq] (q) y You have a little trouble lifting B - a pick-axe. Your movements are slowed slightly because of your load. Your knapsack cannot accommodate any more items. You hear someone muttering an incantation. Suddenly, a section of the wall closes up! You hear someone muttering an incantation. Suddenly, a section of the wall closes up! The watchman throws a knife! A knife misses you. The watchman picks up a dwarvish cloak. The watchman picks up a knife. The watch captain wields a long sword! The watch captain swings her long sword. The watch captain hits! The watch captain swings her long sword. The watch captain hits! The watchman throws a knife! A knife misses you. The watch captain picks up a knife. The watchman thrusts her short sword. The watchman hits! What do you want to read? [cdzCGJMOP or ?*] ? As you read the scroll, it disappears. Your robe crumbles and turns to dust! The watchman thrusts her short sword. The watchman hits! The watchman thrusts his short sword. The watchman hits! You die... Do you want your possessions identified? [ynq] (y) q Inventory: Coins $ - 674 gold pieces Amulets t - an uncursed amulet of ESP (being worn) Weapons m - 9 +0 arrows x - 13 cursed -1 darts Armor a - a blessed +2 pair of leather gloves (being worn) S - a cursed +0 pair of iron shoes T - a cursed +0 Hawaiian shirt with a hibiscus flower motif Comestibles h - 6 uncursed apples W - a cursed banana X - a cursed clove of garlic g - 3 uncursed food rations Y - 7 cursed food rations j - 3 uncursed fortune cookies i - 5 uncursed oranges Z - a cursed pancake q - 2 cursed eggs Scrolls C - a blessed scroll of blank paper M - a cursed scroll of fire P - 2 cursed scrolls of gold detection d - an uncursed scroll of light G - a blessed scroll of magic mapping J - a cursed scroll of magic mapping z - a cursed scroll of remove curse Spellbooks c - a blessed spellbook of protection Potions E - a cursed potion of blindness Q - a cursed potion of booze N - a cursed potion of enlightenment w - a blessed potion of gain ability F - a cursed potion of gain ability L - a cursed potion of hallucination f - a blessed potion of healing e - 2 uncursed potions of healing R - a cursed potion of oil I - a cursed potion of sickness V - an uncursed potion of sleeping k - an uncursed potion of speed Wands u - a wand of digging (0:7) H - a wand of sleep (0:3) K - a wand of slow monster (0:6) U - a wand of striking (0:6) Tools l - an uncursed credit card n - a cursed expensive camera (0:67) B - a +0 pick-axe Gems/Stones y - 2 cursed amber stones p - 5 cursed worthless pieces of black glass s - a cursed worthless piece of blue glass D - 2 uncursed worthless pieces of green glass o - 2 cursed worthless pieces of orange glass r - an uncursed worthless piece of red glass v - a cursed worthless piece of yellow glass A - a cursed worthless piece of yellowish brown glass Gandelf the Monk's attributes: Background: You were an Initiate, a level 6 male human Monk. You were neutral, on a mission for Chih Sung-tzu who was opposed by Shan Lai Ching (lawful) and Huan Ti (chaotic). You were in the Gnomish Mines, on level 7. You entered the dungeon 1937 turns ago. It was nighttime. There was a new moon in effect when your adventure ended. You had 336 experience points, 304 more were needed to attain level 7. Your score was 2328 before end-of-game adjustments. Basics: You had 0 out of 55 hit points. You had 23 out of 22 energy points (spell power). Your armor class was 7. Your wallet contained 674 zorkmids. Autopickup was on for '$?!+/=' plus thrown. Final Characteristics: Your strength was 18/01 (limit:18/100). Your dexterity was 15 (limit:18). Your constitution was 11 (limit:18). Your intelligence was 8 (limit:18). Your wisdom was 15 (limit:18). Your charisma was 8 (limit:18). Final Status: You were not hungry. You were burdened; movement was slightly slowed. You were empty handed. You had basic skill with martial arts. Final Attributes: You were devoutly aligned. You were sleep resistant. You were poison resistant. You saw invisible. You were telepathic. You were stealthy. You were fast. You are dead. Miscellaneous: You encountered 1 bones level. Total elapsed playing time was 13 minutes and 5 seconds. Major events: Turn 1: Gandelf the neutral male human Monk entered the dungeon 793: attained the rank of Novice (level 3) 1571: entered the Gnomish Mines 1586: destroyed Urc the human mummy, and former Sightseer 1823: reached Mine Town 1917: attained the rank of Initiate (level 6) 1937: killed by a watchman Vanquished creatures: a human mummy a gnome mummy a yellow light 3 gnome leaders 2 gnomish wizards a gray ooze a floating eye 2 dwarves 2 killer bees an acid blob 2 gas spores a hobbit 4 gnomes a gecko a jackal 2 kobolds 3 goblins 2 sewer rats 2 grid bugs 5 lichens 5 newts 43 creatures vanquished. No species were genocided or became extinct. Voluntary challenges: You followed a strict vegan diet. You never hit with a wielded weapon. You read items or engraved 1 time. You never engraved Elbereth. You never genocided any monsters. You never polymorphed an object. You never changed form. You used no wishes. Achievements: You entered a shop. You attained the rank of Novice. You entered the Gnomish Mines. You entered Minetown. You attained the rank of Initiate. The Dungeons of Doom: levels 1 to 4 Level 1: A sink. Level 2: A general store, an altar to Chih Sung-tzu. Level 3: Level 4: Stairs down to The Gnomish Mines. The Gnomish Mines: levels 5 to 7 Level 5: Final resting place for Urc-Tou-Hum-Mal-Neu, killed by a gnome mummy. Level 6: Level 7: <- You were here. A general store, some fountains. Final resting place for you, killed by a watchman. Game over: ---------- / \ / REST \ / IN \ / PEACE \ / \ | Gandelf | | 674 Au | | killed by a | | watchman | | | | | | 2023 | *| * * * | * _________)/\\_//(\/(/\)/\//\/|_)_______ Goodbye Gandelf the Monk... You died in The Gnomish Mines on dungeon level 7 with 2261 points, and 674 pieces of gold, after 1937 moves. You were level 6 with a maximum of 55 hit points when you died.